 Dungeon Crawl Stone Soup version 0.26.1-10-gdfb7c7de75 (webtiles) character file.

Game seed: 15257772389723349890

97 Revguard the Slasher (level 4, 0/34 HPs)
             Began as a Barachi Gladiator on Apr 2, 2021.
             Succumbed to an adder's poison
             ... on level 3 of the Dungeon.
             The game lasted 00:04:45 (2433 turns).

Revguard the Slasher (Barachi Gladiator)            Turns: 2433, Time: 00:04:45

Health: 0/34       AC:  4    Str: 15    XL:     4   Next: 68%
Magic:  6/6        EV: 13    Int: 10    God:
Gold:   128        SH:  0    Dex: 13    Spells: 6/6 levels left

rFire    . . .     SeeInvis .   a - +0 long sword
rCold    . . .     Faith    .   (no shield)
rNeg     . . .     Spirit   .   b - +0 leather armour
rPois    .         Reflect  .   c - +0 helmet
rElec    .         Harm     .   (no cloak)
rCorr    .         Rampage  .   (no gloves)
Will     .....                  (no boots)
Stlth    +.........             (no amulet)
HPRegen  0.11/turn              (no ring)
MPRegen  0.10/turn              (no ring)

@: mighty, lethally poisoned (0 -> -2), slow
A: +LOS, swims, slowness 1, strong legs 1
a: Hop


You were on level 3 of the Dungeon.
You visited 1 branch of the dungeon, and saw 3 of its levels.

You collected 128 gold pieces.

Inventory:

Hand Weapons
 a - a +0 long sword (weapon)
Missiles
 d - 3 throwing nets (quivered)
Armour
 b - a +0 leather armour (worn)
 c - a +0 helmet (worn)
Scrolls
 e - a scroll of blinking
 f - 2 scrolls of immolation {unknown}
 g - 6 scrolls of identify {unknown}
 i - 2 scrolls of noise {unknown}
 k - 2 scrolls of fear {unknown}
 l - 2 scrolls of enchant armour {unknown}
 m - 2 scrolls of remove curse {unknown}
 n - a scroll of teleportation {unknown}
 p - a scroll of magic mapping {unknown}


   Skills:
 + Level 2.8 Fighting
 + Level 4.4 Long Blades
 - Level 2.0 Throwing
 * Level 2.3 Armour
 + Level 3.9 Dodging
 * Level 1.5 Spellcasting


You had 6 spell levels left.
You didn't know any spells.
Your spell library was empty.

Dungeon Overview and Level Annotations

Branches:
Dungeon (3/15)

Altars:


Innate Abilities, Weirdness & Mutations

You can be seen from farther away. (+LOS)
You can swim through water.
You cover ground slowly.
You can hop short distances.


Message History

You kill the jackal!
The kobold throws a stone.
The stone hits you but does no damage.
You hear some strange, mumbled words.
Something tries to affect you, but you resist.
The adder closely misses you.
You aren't carrying any potions.
You slash the adder!
You kill the adder!
You feel sick. The hobgoblin barely misses you.
You barely miss the hobgoblin. The hobgoblin misses you.
You riposte.
You slash the hobgoblin!
You kill the hobgoblin!
You slash the orc!
You kill the orc!
You feel sick. The bat hits you but does no damage.
You hit the kobold.
You kill the kobold!
You closely miss the orc. The orc hits you with a +0 hand axe.
* * * LOW HITPOINT WARNING * * *
You die...

### ##.# ### #..# ##..
..# ########... #.#
#.....o..ยง. #@#
#.....<..h. .. #(#
#...{l....#
...?.##o######..Sog.....
.....b.rg{..g....o.......
..S...##lo!..............
......................$..
.(....#..#######.........
.l...?...# #?........
......#.## #.........


You could see 2 orcs, a quokka, a hobgoblin and a frilled lizard.

Vanquished Creatures
  3 adders
  An ooze (D:2)
  2 worms (D:2)
  2 leopard geckos
  2 orcs (D:3)
  4 bats (D:2)
  2 giant cockroaches (D:1)
  7 goblins
  5 hobgoblins
  3 jackals (D:3)
  6 kobolds
  2 quokkas (D:2)
  A ball python (D:2)
  9 frilled lizards
  4 rats
53 creatures vanquished.

Notes
Turn   | Place    | Note
-------+----------+-------------------------------------------
     0 | D:1      | Revguard the Barachi Gladiator began the quest for the Orb.
     0 | D:1      | Reached XP level 1. HP: 17/17 MP: 1/1
   285 | D:1      | Reached XP level 2. HP: 22/23 MP: 2/2
   739 | D:1      | Reached skill level 1 in Armour
   784 | D:1      | Reached skill level 4 in Long Blades
  1056 | D:2      | Reached XP level 3. HP: 21/28 MP: 4/4
  1271 | D:2      | Reached skill level 1 in Spellcasting
  2011 | D:2      | Reached XP level 4. HP: 34/34 MP: 5/5
  2432 | D:3      | HP: 1/34 [orc/+0 hand axe (4)]
  2433 | D:3      | Succumbed to an adder's poison

Illustrated notes

Levels and vault maps discovered:
D:1:      matt_arrival_spirals, layout_loops_ring, serial_forest,
          infiniplex_forest_straight_4, infiniplex_forest_straight_3,
          infiniplex_forest_fountain, infiniplex_forest_clump_tiny,
          infiniplex_forest_end_2, infiniplex_forest_clump_C,
          infiniplex_forest_lined_3_way, minmay_lizard_pond
D:2:      layout_basic, grunt_ministairs_13
D:3:      layout_rooms, guppyfry_early_orc_mine

Skill      XL: |  1  2  3  4 |
---------------+-------------+-----
Armour         | 1 2 |  2.3
Long Blades    | 4 |  4.4
Spellcasting   | 1 |  1.5
Fighting       | |  2.8
Throwing       | |  2.0
Dodging        | |  3.9

Action                   |  1- 3 |  4- 6 || total
-------------------------+-------+-------++-------
Melee: Long sword        |   121 |    42 ||   163
 Abil: Hop               |     1 |       ||     1
  Use: Potion            |       |     3 ||     3
       Scroll            |       |     1 ||     1
Armor: Leather armour    |    40 |    17 ||    57
Dodge: Dodged            |   109 |    61 ||   170
       Rpst.: Long sword |    34 |    17 ||    51
